 Dungeon Crawl Stone Soup version 0.23.2 (webtiles) character file.

Game seed: 12596988649236887648

965 Leeroy the Geomancer (level 8, -1/52 HPs)
             Began as a Formicid Earth Elementalist on Apr 12, 2019.
             Was a Follower of Vehumet.
             Slain by an unseen horror (4 damage)
             ... on level 5 of the Dungeon.
             The game lasted 00:20:02 (4944 turns).

Leeroy the Geomancer (Formicid Earth Elementalist)  Turns: 4944, Time: 00:20:02

Health: -1/52      AC:  6    Str: 20    XL:     8   Next: 38%
Magic:  2/11       EV: 11    Int: 15    God:    Vehumet [*.....]
Gold:   306        SH:  0    Dex: 11    Spells: 0/11 levels left

rFire    . . .     SeeInvis +   P - +0 long sword
rCold    . . .     Gourm    .   (no shield)
rNeg     . . .     Faith    .   B - +3 ring mail
rPois    .         Spirit   .   (helmet unavailable)
rElec    .         Reflect  .   M - -1 cloak (curse)
rCorr    .         Harm     .   (no gloves)
MR       .....                  (no boots)
Stlth    +.........             (no amulet)
HPRegen  0.17/turn              (no ring)
MPRegen  0.12/turn              (no ring)

@: mighty
A: permanent stasis, dig shafts and tunnels, four strong arms, antennae 3,
deformed body, deterioration 1, sense surroundings 1
a: Dig, Shaft Self, Renounce Religion


You were on level 5 of the Dungeon.
You worshipped Vehumet.
Vehumet was aware of your devotion.
You were not hungry.

You visited 1 branch of the dungeon, and saw 5 of its levels.

You collected 306 gold pieces.

Inventory:

Hand Weapons
 g - a +0 club
 j - a +0 short sword
 k - a +0 club
 q - a +0 halberd
 t - a +0 spear
 E - a +0 dagger
 F - a +0 blowgun
 G - a +0 blowgun
 K - a +0 dagger of flaming
 L - a +0 rapier
 P - a +0 long sword (weapon)
Missiles
 b - 189 stones
 o - 21 bolts
 p - 65 sling bullets
 r - 88 poisoned needles
 v - 21 arrows
 N - 6 javelins (quivered)
 O - 2 tomahawks of returning
 Q - 4 tomahawks
Armour
 c - a +0 robe
 f - a +0 chain mail
 B - a +3 ring mail (worn)
 M - a cursed -1 cloak (worn)
Jewellery
 u - a +3 ring of intelligence {unknown}
 z - an uncursed ring of wizardry
 C - a cursed ring of protection from cold {unknown}
Wands
 l - a wand of polymorph (7)
 x - a wand of flame (18)
Scrolls
 a - 4 scrolls of remove curse {unknown}
 e - 3 scrolls of enchant weapon {unknown}
 h - 3 scrolls of amnesia {unknown}
 i - 4 scrolls of identify {unknown}
 m - 3 scrolls of teleportation {unknown}
 y - 2 scrolls of fog {unknown}
 A - a scroll of noise {unknown}
 I - a scroll of random uselessness {unknown}
 J - a scroll of fear {unknown}
 S - a scroll of immolation {unknown}
Potions
 s - a potion of ambrosia {unknown}
 w - a potion of mutation
 D - a potion of haste {unknown}
 H - a potion of degeneration {unknown}
 R - a potion of curing {unknown}
Comestibles
 d - 9 rations


   Skills:
 - Level 0.1 Fighting
 - Level 3.1(3.4) Short Blades
 * Level 2.0(2.9) Long Blades
 - Level 3.1 Armour
 - Level 1.8 Dodging
 - Level 2.4 Stealth
 - Level 2.2 Spellcasting
 - Level 2.4 Conjurations
 - Level 1.1 Transmutations
 + Level 8.9 Earth Magic


You couldn't memorise any spells.
You knew the following spells:

 Your Spells              Type           Power        Failure   Level  Hunger
a - Sandblast             Erth           ####..       1%          1    #......
b - Passwall              Tmut/Erth      ###.....     7%          2    ###....
c - Stone Arrow           Conj/Erth      ###...       11%         3    ###....
d - Lee's Rapid Deconstr  Erth           ####......   26%         5    ######.

Your spell library contained the following spells:

 Spells                   Type           Power        Failure   Level  Hunger
 Shock                    Conj/Air       #...         22%         1    #......
 Petrify                  Tmut/Erth      ###.....     41%         4    #####..


Dungeon Overview and Level Annotations

Branches:
Dungeon (5/15)
 Temple: D:4-7

Altars:
Nemelex Xobeh
Vehumet

Annotations:
D:5 Menkaure


Innate Abilities, Weirdness & Mutations

You cannot be hasted, slowed, berserked, paralysed or teleported.
You can dig through walls and to a lower floor.
Your four strong arms can wield two-handed weapons with a shield.
You have a pair of large antennae on your head. (SInv)
Armour fits poorly on your strangely shaped body.
Your body sometimes deteriorates upon taking damage.
You passively map a small area around you.


Message History

You hit the unseen horror.
The unseen horror is severely wounded.
The unseen horror barely misses you. The unseen horror hits you!
The unseen horror hits you. The unseen horror closely misses you.
The unseen horror barely misses you. The unseen horror hits you.
The unseen horror hits you.
* * * LOW HITPOINT WARNING * * *
You feel very mighty all of a sudden. The unseen horror hits you!
* * * LOW HITPOINT WARNING * * *
Casting: Sandblast (safe; 1% risk of failure)
Confirm with . or Enter, or press ? or * to list all spells.
Okay, then.
The unseen horror hits you.
* * * LOW HITPOINT WARNING * * *
You closely miss the unseen horror.
The unseen horror is severely wounded.
The unseen horror hits you.
You die...

#...#.......## #.# #...
##..#.#####..# ######.# ##..
#..#.#,..#..####...##.#######.
#..#.# #.#..##...#........# ##
#..#.#,#.#.....#.#.#....#.#
#..#.. #.#..#...###....##,
#..#####.#.....##.######
####............##..:...... {
#........#####.x@.##.###### ,
.รท#####...###..##..### , .##
#...........#.# , , , , ##
#.............#, , #
####...###..... , * #####
#######


You could see an unseen horror (invisible).

Vanquished Creatures
  Sigmund (D:3)
  A sky beast (D:5)
  2 ogres
  2 crimson imps (D:5)
  A hound (D:4)
  2 orc priests (D:4)
  2 jellies (D:5)
  Jessica (D:3)
  An iguana (D:4)
  2 orc wizards
  A worker ant (D:4)
  A gnoll (D:1)
  10 adders
  An adder zombie (D:5)
  A worm (D:2)
  3 dart slugs (D:1)
  2 leopard geckos
  10 orcs
  3 ball pythons
  4 bats
  8 giant cockroaches
  12 goblins
  8 hobgoblins
  A quokka (D:2)
  5 frilled lizards
  6 kobolds
  A quokka skeleton (D:4)
  3 rats
95 creatures vanquished.

Vanquished Creatures (others)
  An orc (D:3)
  4 toadstools (D:3)
5 creatures vanquished.

Grand Total: 100 creatures vanquished

Notes
Turn   | Place    | Note
-------+----------+-------------------------------------------
     0 | D:1      | Leeroy the Formicid Earth Elementalist began the quest for
                  | the Orb.
     0 | D:1      | Reached XP level 1. HP: 13/13 MP: 3/3
    97 | D:1      | Reached skill level 4 in Earth Magic
   110 | D:1      | Reached XP level 2. HP: 19/19 MP: 3/5
   270 | D:1      | Reached XP level 3. HP: 10/24 MP: 2/6
   331 | D:1      | Learned a level 2 spell: Passwall
   335 | D:1      | Learned a level 3 spell: Stone Arrow
   372 | D:1      | Reached skill level 5 in Earth Magic
   730 | D:1      | Reached skill level 1 in Short Blades
   827 | D:2      | Reached XP level 4. HP: 30/30 MP: 0/7
  1425 | D:3      | Noticed Sigmund
  1825 | D:3      | Reached XP level 5. HP: 34/35 MP: 8/8
  1936 | D:3      | Found a radiant altar of Vehumet.
  1945 | D:3      | Became a worshipper of Vehumet
  1981 | D:3      | Killed Sigmund
  1981 | D:3      | Reached skill level 6 in Earth Magic
  1981 | D:3      | Reached XP level 6. HP: 41/41 MP: 2/9
  2309 | D:3      | Found a sparkling altar of Nemelex Xobeh.
  2444 | D:3      | Noticed Jessica
  2448 | D:3      | Killed Jessica
  2448 | D:3      | Reached skill level 7 in Earth Magic
  2771 | D:4      | Reached XP level 7. HP: 26/46 MP: 7/10
  2975 | D:4      | Reached skill level 1 in Conjurations
  2976 | D:4      | HP: 1/46 [orc wizard/puff of flame (4)]
  2977 | D:4      | Gained mutation: Armour fits poorly on your strangely
                  | shaped body. [potion of mutation]
  2977 | D:4      | Gained mutation: Your body sometimes deteriorates upon
                  | taking damage. [potion of mutation]
  2977 | D:4      | Gained mutation: You passively map a small area around you.
                  | [potion of mutation]
  2987 | D:4      | HP: 1/46 [orc wizard/puff of flame (7)]
  3000 | D:4      | You fall through a shaft!
  3000 | D:5      | Entered Level 5 of the Dungeon
  3628 | D:5      | Reached skill level 8 in Earth Magic
  3887 | D:5      | Noticed Menkaure
  3946 | D:4      | Reached XP level 8. HP: 44/52 MP: 0/11
  3961 | D:4      | Learned a level 5 spell: Lee's Rapid Deconstruction
  4134 | D:4      | Reached * piety under Vehumet
  4134 | D:4      | Offered knowledge of Shock by Vehumet.
  4523 | D:4      | Reached skill level 1 in Long Blades
  4926 | D:5      | Noticed an unseen horror
  4944 | D:5      | Slain by an unseen horror

Skill      XL: |  1  2  3  4  5  6  7  8 |
---------------+-------------------------+-----
Earth Magic    | 4 5 6 7 8 |  8.9
Short Blades   | 1 2 3 |  3.1
Armour         | 2 3 |  3.1
Conjurations   | 2 |  2.4
Long Blades    | 2 |  2.0
Fighting       | |  0.1
Dodging        | |  1.8
Stealth        | |  2.4
Spellcasting   | |  2.2
Transmutations | |  1.1

Action                   |  1- 3 |  4- 6 |  7- 9 || total
-------------------------+-------+-------+-------++-------
Melee: Club              |     6 |       |       ||     6
       Unarmed           |     2 |       |       ||     2
       Short sword       |    56 |   127 |       ||   183
       Rapier            |       |    14 |    94 ||   108
       Long sword        |       |       |    30 ||    30
Throw: Javelin           |       |     3 |     4 ||     7
       Stone             |       |       |     2 ||     2
 Cast: Sandblast         |    21 |    20 |    22 ||    63
       Stone Arrow       |     2 |     2 |    19 ||    23
       Passwall          |       |     2 |       ||     2
       Lee's Rapid Decon |       |       |     1 ||     1
 Abil: Shaft Self        |       |       |     1 ||     1
  Use: Potion            |       |       |     4 ||     4
 Stab: Sleeping          |     2 |     4 |       ||     6
  Eat: Chunk             |       |     8 |     4 ||    12
       Ration            |       |       |     2 ||     2
Armor: Robe              |    10 |    19 |       ||    29
       Ring mail         |       |    30 |    63 ||    93
Dodge: Dodged            |    45 |   116 |    99 ||   260
       Rpst.: Long sword |       |       |    15 ||    15
